AoeStats
← johnzsin

Oasis

508884240Analyzed
3v3 RM · 6d ago on Sep 24, 2026· 36m 5s· 6 players
Game mode
Random Map
Map size
Normal (6 player)
Population
200
Speed
Normal
Resources
Standard
Victory
Conquest
Starting age
Dark Age
Ending age
Imperial Age
RankedLock teamsTeams togetherTeam positionsShared explorationLock speedFull tech treeHidden civsTurbo modeCheats
Victory
Defeat
🇹🇷 Koreans · Türkiye
1441
+9
🇦🇷 Danes · Argentina
1361
+12
🇦🇷 Saracens · Argentina
1241
+18
🇹🇼 Malay · Taiwan
1290
-13
🇹🇼 Celts · Taiwan
1278
-13
🇹🇼 Khmer · Taiwan
1276
-13
Howyoung
2:22 Loom
5:42 Loom
8:55 Loom
9:33 Loom
11:54 Feudal Age
13:16 Double-Bit Axe
15:38 Wheelbarrow
16:53 Fletching
24:14 Castle Age
23:51 Gold Mining
24:03 Bodkin Arrow
23:34 Elite Skirmisher
25:03 Bow Saw
25:34 Padded Archer Armor
26:04 Horse Collar
27:45 Leather Archer Armor
29:33 Ballistics
29:35 Stone Mining
31:43 Crossbowman
33:27 Heavy Plow
johnzsin
10:48 Feudal Age
11:57 Loom
14:47 Castle Age
13:27 Double-Bit Axe
14:45 Horse Collar
16:44 Wheelbarrow
16:19 Scale Barding Armor
18:08 Bloodlines
21:53 Bow Saw
21:36 Gold Mining
22:35 Husbandry
26:12 Wheelbarrow
26:28 Forging
28:04 Hand Cart
29:21 Gold Shaft Mining
28:38 Stone Mining
29:12 Heavy Plow
32:55 Stone Shaft Mining
33:43 Chain Barding Armor
33:58 Iron Casting
yates52074
8:06 Loom
10:36 Feudal Age
14:24 Castle Age
13:54 Gold Mining
14:50 Double-Bit Axe
26:29 Ballistics
29:57 Bow Saw
32:41 Horse Collar
Anatoly
7:39 Loom
10:02 Feudal Age
10:48 Double-Bit Axe
12:16 Horse Collar
13:36 Wheelbarrow
20:06 Castle Age
19:46 Stone Mining
19:47 Gold Mining
21:49 Bow Saw
21:54 Heavy Plow
23:53 Fletching
26:45 Ballistics
26:38 Bodkin Arrow
28:06 Scale Mail Armor
28:51 Scale Barding Armor
29:38 Forging
30:02 Town Watch
31:54 Chain Barding Armor
34:08 Iron Casting
34:40 Hand Cart
38:12 Imperial Age
35:59 Husbandry
康斯坦丁
8:40 Loom
10:54 Feudal Age
15:34 Castle Age
13:42 Double-Bit Axe
13:37 Horse Collar
14:54 Gold Mining
18:31 Bow Saw
29:28 Heavy Plow
30:31 Wheelbarrow
30:01 Gambesons
34:14 Imperial Age
32:24 Hamask
33:13 Murder Holes
33:18 Stone Mining
34:04 Gold Shaft Mining
34:05 Squires
33:51 Arson
34:35 Ballistics
34:50 Scale Mail Armor
35:36 Forging
36:25 Stone Shaft Mining
36:49 Chain Mail Armor
Diablero
6:57 Loom
9:22 Feudal Age
10:16 Double-Bit Axe
14:03 Fletching
21:33 Castle Age
20:45 Padded Archer Armor
20:26 Horse Collar
20:36 Gold Mining
22:11 Bodkin Arrow
21:36 Crossbowman
24:32 Wheelbarrow
23:23 Crossbowman
25:16 Bow Saw
26:31 Leather Archer Armor
27:36 Ballistics
32:09 Thumb Ring
35:03 Heavy Plow
38:53 Imperial Age
Connection lost

Rejoining the realm…

Still unreachable

The connection could not be restored.

Session expired

The server has moved on; the page needs a fresh start.